Map: 16-Bit LE

Players

Serral - Winner!

  • Race: Zerg Zerg
  • Spawn Location: 1:00

Kelazhur

  • Race: Terran Terran
  • Spawn Location: 7:00

Event: WCS Austin 2018

VOD

Have the link to the VOD?

Description

Time

  • Played on: June 2, 2018, 1:20 p.m.
  • Length: 7:20

All games in this series

Show
View Real Time Build Order
Export as new Build Order

Serral Zerg - Winner!

Build Orders: Hatch First, Roach Nydus 

Get SALT Encoding   

  12  0:00  Drone  
  13  0:12  Overlord  
  13  0:18  Drone  
  14  0:31  Drone x2  
  14  0:34  Drone  
  17  0:53  Hatchery  
  17  0:56  Drone  
  17  0:59  Drone  
  18  1:09  Extractor  
  17  1:15  Spawning Pool  
  17  1:17  Drone  
  17  1:21  Drone  
  18  1:28  Drone  
  19  1:40  Overlord  
  19  1:53  Drone  
  20  2:01  Zergling x2, Queen  
  20  2:04  Queen  
  20  2:05  Zergling x2  
  26  2:11  Metabolic Boost  
  26  2:12  Drone  
  27  2:16  Drone  
  27  2:22  Drone  
  29  2:31  Spore Crawler  
  29  2:32  Drone x2  
  30  2:41  Hatchery  
  30  2:48  Overlord  
  30  2:53  Queen  
  30  2:55  Zergling x2  
  30  2:57  Drone  
  33  3:00  Drone  
  33  3:04  Drone  
  35  3:06  Drone  
  35  3:11  Drone  
  35  3:12  Drone x2  
  39  3:17  Drone x2  
  41  3:24  Drone  
  41  3:25  Drone  
  41  3:26  Overlord  
  43  3:37  Lair  
  43  3:41  Extractor, Zergling x2  
  42  3:43  Overlord  
  42  3:44  Queen  
  45  3:48  Zergling x2  
  45  3:50  Drone x3  
  45  3:52  Drone  
  45  3:54  Extractor  
  49  3:59  Roach Warren  
  49  4:00  Drone  
  49  4:01  Drone  
  50  4:03  Zergling x2  
  50  4:08  Drone x2  
  53  4:13  Overlord  
  53  4:21  Zergling x4  
  54  4:47  Roach x8  
  54  4:48  Nydus Network  
  69  4:54  Overseer  
  69  5:04  Overlord  
  69  5:06  Queen  
  69  5:07  Overlord, Queen  
  68  5:12  Overlord  
  72  5:15  Spore Crawler  
  72  5:16  Overlord  
  71  5:27  Nydus Canal  
  67  5:31  Roach x4  
  67  5:33  Zergling x2  
  77  5:37  Zergling x2  
  77  5:42  Zergling x2  
  78  5:44  Zergling x6  
  79  5:51  Zergling x2  
  81  5:57  Ravager  
  81  5:58  Zergling x4  
  81  6:01  Zergling x2  
  84  6:05  Nydus Canal  
  84  6:07  Zergling x4  
  85  6:12  Zergling x2  
  78  6:20  Drone x2  
  78  6:23  Drone x4  
  84  6:26  Drone  
  84  6:29  Drone  
  85  6:35  Ravager x3  
  85  6:36  Drone x4  
  92  6:40  Drone x2  
  86  6:55  Drone x4  
  86  7:00  Drone  
  86  7:08  Ravager  
Show
View Real Time Build Order
Export as new Build Order

Kelazhur Terran 

Build Orders: Gas First Reaper Expand, Reaper Expand 

Get SALT Encoding   

  12  0:00  SCV  
  13  0:12  SCV  
  14  0:17  Supply Depot  
  14  0:24  SCV  
  15  0:28  Refinery  
  15  0:39  SCV  
  16  0:45  Barracks  
  16  0:51  SCV  
  17  1:03  SCV  
  18  1:15  SCV  
  19  1:32  Orbital Command, Reaper  
  20  1:45  Command Center  
  20  1:55  Factory  
  20  1:58  SCV  
  21  2:05  Barracks Reactor  
  21  2:07  Refinery  
  21  2:11  SCV  
  22  2:18  Supply Depot  
  22  2:24  SCV  
  23  2:39  SCV  
  24  2:44  Starport  
  24  2:49  Hellion x2  
  28  2:52  SCV  
  28  2:56  Orbital Command  
  29  3:04  SCV  
  30  3:07  Marine  
  30  3:11  Widow Mine x2  
  35  3:17  SCV  
  36  3:25  Medivac  
  36  3:26  SCV  
  39  3:29  SCV  
  39  3:33  Widow Mine x2  
  44  3:38  SCV  
  45  3:42  SCV  
  45  3:45  Fusion Core  
  45  3:46  Refinery  
  46  4:03  Supply Depot  
  46  4:08  SCV x2  
  46  4:09  Starport Tech Lab, Widow Mine x2  
  52  4:17  Supply Depot  
  52  4:20  SCV x2  
  54  4:29  Medivac  
  54  4:30  Widow Mine x2  
  60  4:33  SCV x2  
  60  4:45  SCV x2  
  56  4:46  Advanced Ballistics  
  56  4:49  Liberator  
  56  4:54  Command Center  
  56  4:57  SCV x2  
  61  5:09  SCV  
  61  5:11  Supply Depot  
  62  5:16  SCV  
  62  5:17  Refinery  
  63  5:24  Marine x2  
  63  5:25  SCV  
  63  5:28  SCV  
  67  5:29  Bunker  
  67  5:30  Factory Tech Lab  
  67  5:32  Bunker  
  66  5:41  Marine  
  66  5:42  Marine  
  68  5:47  SCV  
  71  5:54  SCV  
  72  5:59  SCV, Marine x2  
  75  6:07  Bunker, SCV  
  72  6:17  Marine x2  
  70  6:30  Barracks  
  70  6:31  SCV  
  57  6:34  Orbital Command  
  53  6:43  SCV  
  53  6:45  Factory  
  54  6:48  Barracks  
  54  6:51  Orbital Command  
  49  6:55  SCV  
  46  7:04  SCV  
  46  7:07  SCV  
Tags
 
Add a new tag
Caveats
  • Supply blocks, unpowered buildings, or Contaminate may cause inaccurate times.
  • Supply counts are checked every 10 seconds.